Map: Catallena LE (Void)

Players

skyman

  • Race: Zerg Zerg
  • League: Gold
  • Spawn Location: 5:00

Juxtapose - Winner!

  • Race: Zerg Zerg
  • League: Gold
  • Spawn Location: 9:00

VOD

https://youtu.be/eOHaIgaoV8Q

Description

This was a really fun Zerg vs Zerg. The traditional match up is Zerglings and Banelings into Mutalisks, so what I often find effective around my level is to start with some Zerglings and then quickly switch to Roaches and Ravagers into Hydralisks.

Zerglings and Banelings do poorly against Roaches, the Ravagers allow you to snipe structures faster, and Hydralisks chase away the Mutalisks.

I find most Zerg players aren't expecting this and thus don't know how to handle it very well.

Time

  • Played on: Oct. 7, 2017, 4:45 p.m.
  • Length: 12:33
Show
View Real Time Build Order
Export as new Build Order

skyman Zerg 

Build Orders: Hatch First, Muta Ling Bane 

Get SALT Encoding   

  12  0:03  Drone  
  13  0:13  Overlord  
  13  0:18  Drone  
  14  0:32  Drone x2  
  16  0:52  Hatchery  
  16  0:57  Drone x2  
  17  1:12  Spawning Pool  
  17  1:17  Drone  
  17  1:20  Extractor  
  17  1:22  Drone  
  17  1:24  Drone  
  18  1:31  Overlord  
  18  1:46  Drone  
  19  1:52  Drone  
  20  1:59  Queen  
  22  2:04  Queen  
  24  2:36  Drone x3  
  29  2:47  Queen  
  29  2:49  Overlord  
  29  3:01  Metabolic Boost  
  29  3:02  Baneling Nest  
  29  3:05  Extractor, Drone  
  29  3:07  Drone x2  
  29  3:09  Zergling x2  
  29  3:11  Zergling x2  
  32  3:26  Zergling x4  
  32  3:27  Zergling x6  
  34  3:39  Spine Crawler  
  32  4:04  Queen  
  34  4:18  Evolution Chamber x2  
  34  4:19  Baneling x2  
  34  4:20  Baneling x4  
  34  4:22  Drone  
  34  4:23  Drone x5  
  37  4:59  Drone  
  39  5:00  Drone x2  
  39  5:01  Drone x3  
  39  5:03  Overlord  
  39  5:04  Overlord  
  39  5:06  Lair  
  43  5:10  Zerg Melee Weapons Level 1  
  43  5:16  Pneumatized Carapace  
  43  5:23  Drone x4  
  43  5:26  Zergling x2  
  48  5:33  Zerg Ground Armor Level 1  
  48  5:42  Drone  
  49  5:47  Extractor x2  
  47  6:08  Spire  
  47  6:10  Drone x2  
  48  6:11  Drone  
  48  6:12  Drone x3  
  52  6:20  Drone x2  
  52  6:21  Drone x2  
  56  6:43  Centrifical Hooks, Hatchery  
  55  6:50  Zergling x10  
  60  6:55  Overlord x3  
  60  6:58  Overseer x2  
  60  7:03  Overseer  
  60  7:19  Baneling x2  
  60  7:20  Baneling x11  
  60  7:36  Queen  
  62  7:41  Zerg Melee Weapons Level 2, Zerg Missile Weapons Level 1  
  62  7:44  Zerg Flyer Weapons Level 1  
  62  7:56  Overlord x2  
  62  7:58  Drone  
  62  7:59  Drone x6  
  69  8:42  Mutalisk  
  69  8:43  Mutalisk x5  
  69  8:47  Zergling x16  
  89  9:04  Zergling x18  
  78  9:35  Mutalisk  
  78  9:36  Mutalisk x5  
  80  9:55  Mutalisk x2  
  77  10:26  Mutalisk x2  
Show
View Real Time Build Order
Export as new Build Order

Juxtapose Zerg - Winner!

Build Orders: Pool First 

Get SALT Encoding   

  12  0:01  Drone  
  13  0:13  Overlord  
  13  0:18  Drone  
  14  0:32  Drone x2  
  16  0:43  Spawning Pool  
  16  0:48  Drone  
  16  0:51  Drone  
  17  1:01  Overlord  
  17  1:08  Drone  
  18  1:13  Extractor  
  17  1:19  Drone  
  18  1:29  Drone  
  18  1:30  Queen  
  21  1:44  Zergling x2  
  22  1:57  Spine Crawler  
  21  2:06  Zergling x4  
  23  2:20  Hatchery  
  22  2:26  Zergling x4  
  24  2:38  Metabolic Boost  
  24  2:40  Queen  
  26  2:49  Drone x2  
  26  2:50  Drone x2  
  30  2:56  Overlord  
  30  3:01  Extractor  
  30  3:04  Roach Warren  
  28  3:07  Overlord  
  28  3:13  Evolution Chamber  
  28  3:16  Drone  
  28  3:32  Zergling x6  
  30  3:48  Drone x2  
  29  4:01  Zergling x6  
  32  4:07  Spine Crawler  
  31  4:11  Queen  
  33  4:21  Roach  
  33  4:22  Roach x2  
  39  4:30  Drone x2  
  39  4:31  Drone  
  42  4:41  Drone x3  
  40  4:56  Lair  
  40  5:00  Drone x3  
  40  5:01  Drone  
  44  5:16  Zerg Missile Weapons Level 1  
  44  5:21  Drone x3  
  47  5:34  Queen  
  49  5:36  Drone x3  
  49  5:40  Overlord x2  
  52  6:01  Extractor  
  52  6:03  Extractor, Roach x5  
  60  6:06  Drone x5  
  65  6:13  Hydralisk Den  
  64  6:31  Drone x2  
  66  6:33  Roach  
  66  6:34  Overlord x2  
  66  6:37  Overseer x2  
  66  6:39  Glial Reconstitution  
  68  6:42  Burrow  
  68  6:56  Roach x5  
  78  7:02  Hatchery  
  77  7:19  Ravager x3  
  80  7:26  Hydralisk x2  
  80  7:28  Overlord x4  
  84  7:36  Zerg Ground Armor Level 1  
  84  7:55  Hydralisk x5  
  84  7:56  Hydralisk x2  
  98  7:59  Zergling x2  
  98  8:00  Zergling x2  
  98  8:03  Zergling x2  
  101  8:08  Pneumatized Carapace  
  101  8:16  Drone  
  101  8:17  Unknown  
  102  8:26  Spine Crawler  
  101  8:30  Muscular Augments  
  101  8:41  Hydralisk  
  101  8:42  Hydralisk x4  
  101  8:43  Zergling x4  
  101  8:46  Overlord  
  113  8:54  Drone x2  
  115  8:56  Drone x3  
  111  9:29  Hydralisk x3  
  111  9:30  Hydralisk x6  
  94  10:10  Hydralisk  
  94  10:11  Hydralisk x8  
  94  10:12  Hydralisk  
  94  10:13  Zergling x10  
  115  10:14  Drone  
  114  10:26  Overseer x2  
  103  10:50  Spore Crawler  
  102  11:01  Hydralisk x2  
  106  11:05  Overlord x7  
  106  11:22  Spore Crawler  
  99  11:35  Queen  
  90  11:47  Spore Crawler x2  
  90  11:48  Drone x4  
  85  12:08  Spore Crawler  
  85  12:11  Drone x3  
Tags
 
Add a new tag
Caveats
  • Supply blocks, unpowered buildings, or Contaminate may cause inaccurate times.
  • Supply counts are checked every 10 seconds.